Map: Port Aleksander LE

Players

MCanning

  • Race: Protoss Protoss
  • League: Grandmaster
  • Spawn Location: 11:00

puCK (Nina) - Winner!

  • Race: Protoss Protoss
  • League: Grandmaster
  • Spawn Location: 5:00

Event: Cheeseadelphia 8

VOD

Have the link to the VOD?

Description

Time

  • Played on: Dec. 9, 2018, 3:58 p.m.
  • Length: 7:26

All games in this series

Show
View Real Time Build Order
Export as new Build Order

MCanning Protoss 

Build Orders: Blink Stalkers 

Get SALT Encoding   

  12  0:00  Probe  
  13  0:13  Probe  
  14  0:19  Pylon  
  14  0:25  Probe  
  15  0:34  Probe  
  15  0:39  Gateway  
  15  0:42  Probe  
  16  0:48  Assimilator  
  17  0:51  Probe  
  17  0:56  Assimilator  
  18  0:59  Probe  
  19  1:09  Probe  
  19  1:10  Gateway  
  20  1:20  Probe  
  21  1:29  Cybernetics Core  
  22  1:32  Probe  
  22  1:40  Pylon  
  22  1:45  Probe  
  23  1:58  Probe  
  24  2:06  Stalker  
  24  2:07  Warp Gate, Sentry  
  28  2:15  Pylon  
  28  2:22  Twilight Council  
  28  2:35  Stalker  
  30  2:37  Stalker  
  32  3:03  Blink  
  32  3:13  Nexus  
  32  3:16  Probe  
  33  3:23  Stalker  
  35  3:30  Probe  
  36  3:37  Pylon  
  36  3:38  Probe  
  36  3:46  Probe  
  37  3:52  Robotics Facility  
  38  3:56  Probe  
  39  4:07  Probe  
  39  4:09  Sentry  
  42  4:15  Probe  
  42  4:21  Probe  
  42  4:23  Probe  
  43  4:29  Probe  
  43  4:30  Stalker  
  47  4:35  Probe  
  49  4:39  Probe  
  49  4:41  Immortal  
  54  4:47  Probe  
  54  4:49  Assimilator  
  54  4:51  Assimilator  
  55  4:53  Probe  
  55  4:58  Robotics Bay  
  56  5:02  Adept  
  56  5:08  Adept, Probe  
  56  5:11  Probe  
  57  5:16  Probe  
  58  5:23  Probe, Pylon, Observer  
  58  5:24  Probe  
  61  5:34  Pylon  
  61  5:35  Probe  
  62  5:38  Disruptor  
  62  5:41  Probe  
  63  5:44  Gateway  
  63  5:47  Robotics Facility  
  66  5:59  Probe  
  67  6:04  Probe, Disruptor  
  68  6:11  Probe  
  68  6:15  Shield Battery x2  
  68  6:16  Probe  
  68  6:17  Adept x2  
  77  6:20  Pylon  
  77  6:29  Gateway, Disruptor  
  80  6:41  Probe  
  80  6:46  Adept  
  80  6:47  Adept  
  82  6:57  Stalker  
  68  7:09  Stalker  
  68  7:13  Stalker  
Show
View Real Time Build Order
Export as new Build Order

puCK Protoss - Winner!

Build Orders: Phoenix Opening, Blink Stalkers 

Get SALT Encoding   

  12  0:00  Probe  
  13  0:12  Probe  
  14  0:18  Pylon  
  14  0:25  Probe  
  15  0:35  Probe  
  15  0:36  Gateway  
  16  0:43  Probe  
  16  0:44  Assimilator  
  17  0:54  Assimilator, Probe  
  18  1:02  Probe  
  18  1:09  Gateway  
  18  1:10  Probe  
  20  1:21  Probe  
  21  1:28  Cybernetics Core  
  21  1:33  Probe  
  22  1:41  Pylon  
  22  1:45  Probe  
  23  1:59  Probe  
  24  2:04  Stalker  
  24  2:05  Warp Gate, Sentry  
  28  2:11  Probe  
  28  2:13  Pylon  
  29  2:25  Probe  
  30  2:38  Phoenix  
  30  2:41  Nexus  
  30  2:44  Probe  
  31  2:52  Stalker  
  33  2:59  Stalker  
  35  3:07  Probe  
  35  3:11  Pylon  
  36  3:19  Twilight Council  
  36  3:20  Probe  
  37  3:27  Pylon  
  37  3:32  Probe  
  38  3:43  Probe  
  39  3:49  Probe  
  39  3:51  Probe  
  39  3:52  Robotics Facility  
  40  3:57  Blink, Probe  
  40  4:01  Probe  
  42  4:07  Probe  
  44  4:11  Sentry  
  44  4:12  Probe  
  44  4:15  Probe  
  44  4:16  Shield Battery  
  47  4:20  Probe  
  47  4:23  Probe  
  48  4:30  Probe  
  50  4:34  Probe, Pylon  
  50  4:36  Adept  
  50  4:37  Adept  
  56  4:41  Observer  
  56  4:43  Probe  
  58  4:45  Assimilator  
  58  4:47  Assimilator, Probe  
  59  4:57  Gateway  
  59  4:59  Gateway  
  59  5:07  Immortal  
  59  5:08  Probe  
  58  5:14  Phoenix  
  58  5:16  Stalker x2  
  64  5:25  Gateway  
  64  5:32  Gateway  
  64  5:33  Gateway  
  64  5:37  Gateway  
  64  5:42  Stalker  
  66  5:44  Stalker  
  66  5:49  Warp Prism  
  71  5:57  Probe  
  71  5:59  Stalker  
  71  6:00  Stalker  
  75  6:08  Pylon  
  75  6:15  Stalker  
  77  6:18  Pylon  
  77  6:26  Observer  
  77  6:28  Stalker  
  77  6:29  Stalker x2  
  77  6:30  Stalker  
  86  6:38  Adept x2  
  89  6:40  Pylon  
  85  6:56  Stalker x4  
  89  7:05  Stalker x2  
  87  7:14  Stalker x2  
Tags
 
Add a new tag
Caveats
  • Supply blocks, unpowered buildings, or Contaminate may cause inaccurate times.
  • Supply counts are checked every 10 seconds.